 Dungeon Crawl Stone Soup version 0.25-a0-302-g9f758675c1 (webtiles) character file.

Game seed: 3303680845117833544, levelgen mode: deterministic

22 mopl the Chopper (level 2, -4/26 HPs)
             Began as a Hill Orc Monk on Dec 20, 2019.
             Slain by an ice beast (14 damage)
             ... on level 2 of the Dungeon.
             The game lasted 00:00:53 (817 turns).

mopl the Chopper (Hill Orc Monk)                     Turns: 817, Time: 00:00:54

Health: -4/26      AC:  8    Str: 13    XL:     2   Next: 91%
Magic:  2/2        EV:  6    Int: 10    God:
Gold:   51         SH:  0    Dex: 13    Spells: 1/1 levels left

rFire    . . .     SeeInvis .   a - +0 hand axe
rCold    . . .     Gourm    .   (no shield)
rNeg     + . .     Faith    .   f - +0 chain mail
rPois    .         Spirit   .   (no helmet)
rElec    .         Reflect  .   (no cloak)
rCorr    +         Harm     .   (no gloves)
MR       .....                  (no boots)
Stlth    ..........             i - amulet of the acrobat
HPRegen  0.08/turn              h - ring of positive energy
MPRegen  0.08/turn              m - ring of resist corrosion

@: no status effects
A: no striking features
a: no special abilities


You were on level 2 of the Dungeon.
You were not hungry.

You visited 1 branch of the dungeon, and saw 2 of its levels.

You collected 51 gold pieces.

Inventory:

Hand Weapons
 a - a +0 hand axe (weapon)
Armour
 f - a +0 chain mail (worn)
Jewellery
 h - a ring of positive energy (left hand)
 i - an amulet of the acrobat (around neck)
 m - a ring of resist corrosion (right hand)
Scrolls
 d - a scroll of magic mapping {unknown}
 e - a scroll of blinking {unknown}
 n - a scroll of fog {unknown}
Potions
 b - a potion of curing {unknown}
 g - a potion of heal wounds {unknown}
 j - a potion of berserk rage {unknown}
 k - a potion of degeneration {unknown}
 l - a potion of resistance {unknown}
Comestibles
 c - 5 rations


   Skills:
 - Level 3.6 Fighting
 + Level 5.4 Axes
 - Level 2.4 Dodging
 - Level 1.5 Stealth


You had one spell level left.
You didn't know any spells.
Your spell library was empty.

Dungeon Overview and Level Annotations

Branches:
Dungeon (2/15)

Altars:


Message History

You are too injured to fight recklessly!
You are too injured to fight recklessly!
You are too injured to fight recklessly!
You are too injured to fight recklessly!
You are too injured to fight recklessly!
You are too injured to fight recklessly!
You are too injured to fight recklessly!
You are too injured to fight recklessly!
You are too injured to fight recklessly!
Your chain mail prevents you from hitting the ice beast.
The ice beast is moderately wounded.
The ice beast hits you but does no damage.
You hit the ice beast but do no damage.
The ice beast is moderately wounded.
The ice beast closely misses you.
You closely miss the ice beast.
The ice beast is moderately wounded.
The ice beast hits you. The ice beast freezes you!
Ouch! That really hurt!
You die...

#>.. ...#.
##.... #....
...# #..#
#..#
####..##
#..Y@..##
#...†###.<.#
#$...#..#
##.##
#......##
#.# ......#
... #..%..
###. ##.#..
#. #.#.. ..


You could see an ice beast.

Vanquished Creatures
  A worm (D:2)
  A dart slug (D:2)
  A leopard gecko (D:1)
  A bat (D:1)
  2 giant cockroaches (D:1)
  2 goblins (D:1)
  4 hobgoblins (D:1)
  A kobold (D:1)
13 creatures vanquished.

Notes
Turn   | Place    | Note
-------+----------+-------------------------------------------
     0 | D:1      | mopl the Hill Orc Monk began the quest for the Orb.
     0 | D:1      | Reached XP level 1. HP: 19/19 MP: 1/1
   275 | D:1      | Reached XP level 2. HP: 25/26 MP: 2/2
   457 | D:1      | Reached skill level 5 in Axes
   810 | D:2      | Noticed an ice beast
   817 | D:2      | Slain by an ice beast

Levels and vault maps discovered:
D:1:      lightli_arrival_windingriver, layout_basic
D:2:      layout_loops_ring, okawaru_altar_gauntlet_db, grunt_gozag_statues,
          elyvilon_altar_3, lemuel_crystal_altar,
          chequers_serial_rivers_small_3, uniq_terence, uniq_crazy_yiuf_cottage

Skill      XL: |  1  2 |
---------------+-------+-----
Axes           | 5 |  5.4
Fighting       | |  3.6
Dodging        | |  2.4
Stealth        | |  1.5

Action                   || total
-------------------------++-------
Melee: Hand axe          ||    57
Armor: Chain mail        ||    33
Dodge: Dodged            ||    30

Table legend:
 A = Non-vault XP
 B = Vault XP
 C = Vault XP percentage of total XP
 D = Non-vault monster count
 E = Vault monster count
 F = Vault count percentage of total count
                 A         B        C        D         E       F
            +---------+---------+-------+---------+---------+-------
      Total |      32 |       0 |   0.0 |      13 |       0 |   0.0
            +---------+---------+-------+---------+---------+-------
        D:1 |      23 |       0 |   0.0 |      11 |       0 |   0.0
        D:2 |       9 |       0 |   0.0 |       2 |       0 |   0.0
            +---------+---------+-------+---------+---------+-------
